Map: Ice and Chrome LE

Players

RyuKey

  • Race: Terran Terran
  • League: Diamond
  • Spawn Location: 7:00

Bishop - Winner!

  • Race: Zerg Zerg
  • League: Diamond
  • Spawn Location: 1:00

VOD

Have the link to the VOD?

Description

Time

  • Played on: June 13, 2020, 9:15 a.m.
  • Length: 13:51
Show
View Real Time Build Order
Export as new Build Order

RyuKey Terran 

Build Orders: 2 Factory, Reaper Expand 

Get SALT Encoding   

  12  0:00  SCV  
  13  0:13  SCV  
  14  0:17  Supply Depot  
  14  0:26  SCV  
  15  0:38  SCV  
  15  0:39  Barracks  
  16  0:44  Refinery  
  16  0:50  SCV  
  17  1:02  SCV  
  18  1:15  SCV  
  19  1:28  Reaper  
  19  1:30  Orbital Command  
  20  1:40  Command Center  
  20  1:52  Supply Depot  
  20  1:55  SCV  
  20  2:00  Marine  
  22  2:08  SCV  
  23  2:10  Factory  
  23  2:18  Refinery  
  23  2:20  SCV  
  24  2:23  Barracks Reactor  
  24  2:32  SCV  
  26  2:44  SCV  
  26  2:50  Bunker  
  26  2:54  Orbital Command  
  26  3:05  Factory  
  25  3:19  SCV, Hellion x2  
  30  3:20  Barracks Tech Lab  
  30  3:26  SCV  
  30  3:31  SCV  
  31  3:38  SCV  
  31  3:40  Hellion x2  
  36  3:43  SCV  
  37  4:00  Hellion  
  37  4:01  Hellion x2  
  37  4:02  Infernal Pre-Igniter  
  43  4:03  SCV x2  
  45  4:10  Refinery  
  45  4:15  SCV  
  45  4:16  Refinery, Supply Depot  
  46  4:18  Supply Depot  
  46  4:38  SCV x2, Hellion, Cyclone  
  53  4:40  Supply Depot  
  53  4:43  Hellion  
  55  4:50  SCV x2  
  57  4:57  Armory  
  57  5:02  SCV x2  
  59  5:10  Cyclone  
  59  5:11  Supply Depot  
  62  5:14  SCV  
  62  5:20  Hellion x2  
  62  5:21  Mag-Field Accelerator  
  67  5:22  SCV  
  68  5:31  Supply Depot  
  68  5:34  SCV, Supply Depot  
  69  5:42  Cyclone  
  70  6:09  Hellion x2  
  74  6:12  SCV  
  74  6:14  Cyclone  
  78  6:21  SCV  
  78  6:23  Supply Depot  
  79  6:25  Terran Vehicle Weapons Level 1  
  79  6:28  Command Center  
  79  6:30  Supply Depot, Hellion  
  81  6:33  SCV  
  82  6:46  Cyclone  
  81  6:48  Hellion  
  81  6:51  Hellion  
  81  7:18  Cyclone  
  70  7:31  Hellion x2  
  70  7:34  SCV  
  75  7:37  Armory  
  75  7:40  Factory  
  75  7:47  Command Center  
  75  7:50  Cyclone  
  74  7:56  SCV x2  
  74  7:57  Orbital Command  
  76  8:08  SCV  
  76  8:10  SCV  
  78  8:14  Hellion x2  
  78  8:19  Factory  
  77  8:20  SCV  
  77  8:23  Cyclone, SCV  
  79  8:30  SCV  
  79  8:32  SCV  
  79  8:33  Refinery x2  
  81  8:35  SCV  
  82  8:42  SCV  
  82  8:44  SCV  
  82  8:45  Hellion x2  
  82  8:47  SCV  
  89  8:53  Factory Tech Lab  
  89  8:55  Cyclone  
  92  9:00  Factory  
  92  9:04  Engineering Bay, Terran Vehicle Weapons Level 2  
  92  9:07  Terran Vehicle And Ship Armor Level 1  
  92  9:12  Factory Tech Lab  
  92  9:13  Cyclone  
  92  9:15  Hellion x2  
  99  9:27  Cyclone  
  99  9:37  Cyclone  
  100  9:38  Hellion x2  
  100  9:41  Planetary Fortress  
  100  9:45  Cyclone  
  100  9:48  SCV x3  
  100  9:51  Hi-Sec Auto Tracking  
  108  9:57  Factory Tech Lab  
  108  9:59  Cyclone  
  113  10:00  Widow Mine, Hellion  
  113  10:05  SCV x2  
  115  10:09  Widow Mine  
  117  10:17  Cyclone  
  124  10:21  Hellion x2  
  124  10:26  Cyclone  
  127  10:30  Cyclone  
  127  10:31  Cyclone  
  129  10:42  Hellion  
  129  10:43  Hellion  
  132  10:50  Cyclone  
  132  10:52  Starport  
  132  10:58  Cyclone  
  132  11:02  Cyclone  
  140  11:04  Hellion  
  140  11:11  Cyclone  
  140  11:14  Hellion  
  116  11:26  Cyclone  
  116  11:27  Hellion  
  116  11:30  Cyclone  
  124  11:34  Cyclone  
  124  11:35  Hellion  
  129  11:43  Cyclone  
  132  11:58  Cyclone  
  132  11:59  Widow Mine  
  132  12:00  Widow Mine  
  133  12:02  Cyclone  
  133  12:06  Cyclone  
  137  12:15  Cyclone  
  61  13:26  Widow Mine  
Show
View Real Time Build Order
Export as new Build Order

Bishop Zerg - Winner!

Build Orders: Hatch First 

Get SALT Encoding   

  12  0:01  Drone  
  13  0:13  Overlord  
  13  0:17  Drone  
  14  0:31  Drone x2  
  16  0:50  Hatchery  
  16  0:53  Drone  
  16  0:55  Drone  
  17  0:58  Drone  
  18  1:09  Extractor  
  17  1:14  Spawning Pool  
  17  1:17  Drone  
  17  1:20  Drone  
  18  1:28  Drone  
  19  1:40  Drone  
  20  2:01  Queen x2  
  20  2:02  Zergling x2  
  20  2:03  Zergling x2  
  26  2:13  Metabolic Boost  
  26  2:20  Drone  
  27  2:24  Hatchery  
  26  2:37  Drone  
  26  2:38  Overlord  
  26  2:46  Drone x2  
  28  2:56  Queen  
  28  2:58  Drone x3  
  33  3:08  Drone  
  34  3:13  Drone x2  
  34  3:16  Overlord  
  36  3:34  Queen  
  36  3:53  Drone x5  
  36  3:54  Roach Warren  
  40  3:59  Drone x4  
  44  4:04  Queen  
  44  4:05  Overlord x2  
  44  4:09  Drone x3  
  49  4:18  Overlord  
  49  4:19  Drone  
  50  4:32  Zergling x8  
  50  4:33  Zergling x10  
  50  4:38  Extractor  
  58  4:39  Extractor  
  58  4:40  Drone  
  58  4:41  Evolution Chamber, Drone x2  
  58  4:43  Evolution Chamber  
  58  5:03  Overlord  
  58  5:07  Drone x3  
  58  5:08  Drone x2  
  58  5:09  Lair  
  63  5:14  Zerg Missile Weapons Level 1  
  63  5:15  Zerg Ground Armor Level 1  
  63  5:16  Drone  
  63  5:17  Queen, Drone  
  67  5:33  Drone x2  
  67  5:34  Drone x2  
  71  5:37  Extractor  
  71  5:41  Roach x2  
  74  5:43  Overlord x3  
  73  5:54  Roach x6  
  71  5:58  Extractor  
  69  6:11  Glial Reconstitution, Overlord x2  
  67  6:18  Drone  
  67  6:19  Drone x5  
  67  6:24  Queen  
  75  6:25  Infestation Pit  
  75  6:29  Roach x2  
  78  6:37  Drone  
  79  6:51  Overlord x2  
  79  6:52  Roach x2  
  79  6:53  Roach x4  
  90  7:04  Drone x3  
  90  7:06  Drone  
  90  7:08  Drone x3  
  95  7:19  Ravager  
  88  7:31  Roach x6  
  88  7:34  Ravager x3  
  103  7:49  Hatchery  
  102  7:55  Roach  
  102  7:56  Roach x8  
  120  7:58  Ravager  
  120  7:59  Ravager  
  120  8:00  Overlord  
  120  8:03  Extractor  
  121  8:06  Drone  
  121  8:11  Zerg Missile Weapons Level 2  
  122  8:13  Zerg Ground Armor Level 2  
  116  8:32  Overlord x3  
  116  8:33  Drone x3  
  116  8:34  Drone x6  
  125  8:49  Roach x2  
  125  8:51  Overlord x2  
  125  8:52  Roach x2  
  125  8:53  Roach x2  
  125  8:54  Ravager  
  125  8:55  Ravager x5  
  143  9:01  Overlord x2  
  143  9:04  Drone x3  
  143  9:05  Queen, Drone x2  
  150  9:16  Roach  
  150  9:17  Roach x6  
  162  9:34  Infestor x3  
  160  9:44  Pathogen Glands  
  160  10:07  Burrow  
  160  10:09  Hive  
  150  10:41  Roach  
  150  10:42  Roach x18  
  179  10:51  Overlord x2  
  179  10:53  Drone x5  
  179  10:55  Drone x2, Extractor  
  179  10:56  Overlord x2, Drone x2  
  179  10:57  Extractor  
  186  11:05  Roach x3  
  190  11:12  Extractor  
  190  11:13  Hatchery  
  190  11:14  Extractor  
  177  11:30  Ravager x6  
  177  11:31  Ravager x5  
  177  11:32  Zergling x2  
  185  11:33  Zergling x30  
  200  11:43  Spire  
  199  11:49  Zergling x2  
  197  12:01  Roach  
  173  12:23  Roach x4  
  173  12:24  Roach  
  173  12:26  Roach x3  
  173  12:27  Overseer, Roach  
  169  12:30  Roach x2  
  163  12:45  Roach x3  
  163  12:46  Roach x3  
  164  12:57  Roach x4  
  141  13:22  Zergling x2  
  141  13:23  Zergling x20  
  141  13:31  Zergling x2  
Tags
 
Add a new tag
Caveats
  • Supply blocks, unpowered buildings, or Contaminate may cause inaccurate times.
  • Supply counts are checked every 10 seconds.